 Dungeon Crawl Stone Soup version 0.21.1-1-g345015f (webtiles) character file.

13874 aMcNicky the Geomancer (level 12, -7/72 HPs)
             Began as a Gargoyle Earth Elementalist on Mar 21, 2018.
             Was an Elder of Vehumet.
             Mangled by a polar bear (18 damage)
             ... in an ice cave.
             The game lasted 00:53:01 (12878 turns).

aMcNicky the Geomancer (GrEE)                      Turns: 12878, Time: 00:53:02

Health: -7/72      AC: 19    Str: 12    XL:     12   Next: 10%
Magic:  1/23       EV: 17    Int: 21    God:    Vehumet [****..]
Gold:   651        SH:  0    Dex: 10    Spells: 13/26 levels left

rFire    . . .     SeeInvis .   b - staff of conjuration
rCold    . . .     Gourm    .   (no shield)
rNeg     + . .     Faith    .   f - +2 robe {MR+}
rPois    ∞         Spirit   .   F - +2 hat
rElec    +         Reflect  .   (no cloak)
rCorr    .         Harm     .   u - +0 pair of gloves
MR       +....                  l - +1 pair of boots
Stlth    ++........             v - amulet of rage
HPRegen  0.22/turn              r - +3 ring of evasion
MPRegen  0.18/turn              (no ring)

@: flying
A: negative energy resistance 1, electricity resistance, unbreathing,
petrification resistance, rot immunity, AC +8
a: Renounce Religion, Evoke Berserk Rage


You were in an ice cave.
You worshipped Vehumet.
Vehumet was greatly pleased with you.
You were not hungry.

You visited 3 branches of the dungeon, and saw 13 of its levels.
You also visited: Ice Cave.

You collected 651 gold pieces.

Inventory:

Hand Weapons
 a - a +3 short sword of venom
Missiles
 Q - 26 stones (quivered)
Armour
 c - a +0 robe
 f - a +2 robe of magic resistance (worn)
 i - a +0 leather armour
 l - a +1 pair of boots (worn)
 o - a +0 helmet
 t - a +0 ring mail
 u - a +0 pair of gloves (worn)
 C - a +0 scale mail
 F - a +2 hat (worn)
 R - a +0 troll leather armour
Magical Staves
 b - an uncursed staff of conjuration (weapon)
Jewellery
 r - a +3 ring of evasion (left hand)
 v - an amulet of rage (around neck)
 V - a +3 ring of intelligence {unknown}
Wands
 B - a wand of enslavement (13)
 E - a wand of iceblast (38)
 M - a wand of scattershot (3)
 O - a wand of paralysis (12)
 P - a wand of flame (84)
Scrolls
 h - 10 scrolls of teleportation {unknown}
 k - 12 scrolls of identify {@r1}
 n - 4 scrolls of amnesia {unknown}
 s - 2 scrolls of fear {unknown}
 y - 6 scrolls of remove curse {unknown}
 A - a scroll of blinking {unknown}
 D - 5 scrolls of enchant weapon {unknown}
 I - a scroll of brand weapon {unknown}
 J - a scroll of immolation {unknown}
 S - a scroll of magic mapping {unknown}
 T - a scroll of enchant armour {unknown}
 U - a scroll of fog {unknown}
Potions
 g - a potion of invisibility {unknown}
 j - 3 potions of lignification {unknown}
 m - 2 potions of berserk rage {unknown}
 p - 2 potions of heal wounds {unknown}
 q - 2 potions of degeneration {unknown}
 w - 3 potions of flight
 x - 2 potions of ambrosia {unknown}
 z - a potion of cancellation {unknown}
 G - a potion of resistance {unknown}
 H - 5 potions of curing {@q1}
 L - 2 potions of might {unknown}
 N - a potion of mutation {unknown}
Books
 e - a book of Geomancy

   Spells                             Type                      Level
   a - Sandblast                      Earth                        1
   b - Passwall                       Transmutation/Earth          2
   c - Stone Arrow                    Conjuration/Earth            3
   d - Petrify                        Transmutation/Earth          4
   e - Lee's Rapid Deconstruction     Earth                        5
Comestibles
 d - 21 rations
 K - 12 chunks of flesh


   Skills:
 + Level 7.3 Fighting
 - Level 5.1 Short Blades
 + Level 2.2 Staves
 + Level 7.4 Armour
 + Level 5.9 Dodging
 - Level 2.1 Stealth
 + Level 7.6 Spellcasting
 + Level 7.4 Conjurations
   Level 0.7 Transmutations
 + Level 2.1 Ice Magic
 + Level 10.3 Earth Magic
 + Level 2.9 Evocations


You had 13 spell levels left.
You knew the following spells:

 Your Spells              Type           Power        Failure   Level  Hunger
a - Sandblast             Erth           ######       1%          1    None
b - Stone Arrow           Conj/Erth      ######       1%          3    None
c - Lee's Rapid Deconstr  Erth           ######....   1%          5    #####..
d - Throw Icicle          Conj/Ice       #####...     3%          4    ###....


Dungeon Overview and Level Annotations

Branches:
Dungeon (11/15)            Temple (1/1) D:4            Lair (1/6) D:11
    Orc (0/2) D:10

Altars:
Cheibriados
Gozag
Kikubaaqudgha
Qazlal
Trog
Vehumet
Zin
The Shining One

Annotations:
D:2 1 runed door
D:3 Shinoi's ghost, amateur DsAK


Innate Abilities, Weirdness & Mutations

You are resistant to torment.
Your stone body is resilient. (AC +8)
You are immune to poison.
You resist negative energy. (rN+)
You are resistant to electric shocks. (rElec)
You can survive without breathing.
You are immune to petrification.
You are immune to rotting.


Message History

Press: ? - help, Shift-Dir - straight line, f/p - polar bear
Aim: a polar bear (heavily wounded)
The blast of sand hits the polar bear.
The polar bear is severely wounded.
Q - 26 stones The polar bear goes berserk!
The polar bear rages.
The polar bear bites you!!
* * * LOW HITPOINT WARNING * * *
The polar bear claws you but does no damage.
The polar bear claws you.
* * * LOW HITPOINT WARNING * * *
It was a potion of flight.
You feel very buoyant.
You fly up into the air.
The polar bear bites you but does no damage.
The polar bear claws you but does no damage.
The polar bear barely misses you.
It was a potion of curing.
You feel better. The polar bear bites you!!
You die...

#### #### ##..##
##..#####....##
#.h@.#........#
#.......#.......∩.∩.#
#......###..........#
.#..†## ##..##....##
....# ######..## ....
#### ... ..


You could see a polar bear (berserk).

Vanquished Creatures
  A hydra (Lair:1)
  2 two-headed ogres (D:9)
  Nergalle (D:11)
  An unseen horror (D:11)
  Psyche (D:11)
  2 komodo dragons (Lair:1)
  A troll (D:10)
  4 polar bears (IceCv)
  3 hippogriffs
  A shadow (D:11)
  A wyvern (D:11)
  Sigmund (D:3)
  A wraith (D:11)
  12 yaks
  A human (D:7)
  3 hogs (D:7)
  A water moccasin (D:7)
  2 hell hounds (D:11)
  4 ice beasts
  2 sky beasts
  3 orc warriors
  A black bear (D:7)
  7 ogres
  4 phantoms
  5 wolves
  3 centaurs
  3 big kobolds
  3 bullfrogs
  A water moccasin zombie (D:9)
  A wyvern skeleton (D:8)
  3 scorpions
  3 wights (D:6)
  3 killer bees (D:11)
  7 howler monkeys
  A centaur zombie (D:10)
  4 crimson imps
  A bullfrog zombie (D:11)
  2 quasits
  5 orc wizards
  2 centaur skeletons
  5 orc priests
  6 hounds
  2 jellies
  2 iguanas
  4 worker ants
  A hound skeleton (D:4)
  The ghost of letownia2 the Magician, a weakling GrWz (D:4)
  A worker ant zombie (D:7)
  6 adders
  3 gnolls (D:6)
  3 shadow imps
  4 oozes
  An adder skeleton (D:8)
  4 worms
  4 leopard geckos
  41 orcs
  5 bats
  6 giant cockroaches
  5 goblins
  3 hobgoblins
  13 jackals
  25 kobolds
  A frilled lizard (D:1)
  A quokka skeleton (D:5)
  8 rats
262 creatures vanquished.

Notes
Turn   | Place    | Note
-------+----------+-------------------------------------------
     0 | D:1      | aMcNicky the Gargoyle Earth Elementalist began the quest for the Orb.
     0 | D:1      | Reached XP level 1. HP: 10/10 MP: 3/3
    97 | D:1      | Reached XP level 2. HP: 15/15 MP: 0/5
   121 | D:1      | Reached skill level 4 in Earth Magic
   773 | D:1      | Reached XP level 3. HP: 19/19 MP: 6/6
  1179 | D:2      | Learned a level 3 spell: Stone Arrow
  1623 | D:2      | Found a runed door.
  2471 | D:3      | Reached XP level 4. HP: 24/24 MP: 8/8
  2570 | D:3      | Reached skill level 5 in Earth Magic
  2684 | D:3      | Noticed Sigmund
  2701 | D:3      | Killed Sigmund
  2701 | D:3      | Reached skill level 6 in Earth Magic
  2701 | D:3      | Reached XP level 5. HP: 28/28 MP: 3/11
  2701 | D:3      | Reached XP level 6. HP: 32/32 MP: 3/12
  2874 | D:3      | Noticed Shinoi's ghost (amateur DsAK)
  3846 | D:4      | Noticed letownia2's ghost (weakling GrWz)
  3866 | D:4      | Killed letownia2's ghost
  4018 | D:4      | Reached skill level 1 in Fighting
  4018 | D:4      | Reached skill level 1 in Armour
  4018 | D:4      | Reached skill level 1 in Conjurations
  4018 | D:4      | Reached XP level 7. HP: 19/38 MP: 6/13
  4192 | D:4      | Found a staircase to the Ecumenical Temple.
  4198 | Temple   | Entered the Ecumenical Temple
  4238 | Temple   | Became a worshipper of Vehumet
  4709 | D:5      | Entered Level 5 of the Dungeon
  4750 | D:5      | Reached skill level 1 in Short Blades
  4760 | D:5      | Found a glowing silver altar of Zin.
  5270 | D:6      | Learned a level 5 spell: Lee's Rapid Deconstruction
  5275 | D:6      | Reached XP level 8. HP: 44/44 MP: 10/15
  5278 | D:6      | Reached skill level 7 in Earth Magic
  5346 | D:6      | Reached skill level 5 in Spellcasting
  5584 | D:6      | Reached * piety under Vehumet
  5584 | D:6      | Offered knowledge of Shock by Vehumet.
  6588 | D:6      | Reached XP level 9. HP: 51/51 MP: 15/17
  6630 | D:6      | Offered knowledge of Flame Tongue by Vehumet.
  7063 | D:7      | Reached ** piety under Vehumet
  7222 | D:7      | Reached skill level 8 in Earth Magic
  7882 | D:8      | Found a bloodstained altar of Trog.
  7885 | D:8      | Found an ancient bone altar of Kikubaaqudgha.
  7885 | D:8      | Found an opulent altar of Gozag.
  7893 | D:8      | Found a glowing silver altar of Zin.
  8346 | D:8      | Reached XP level 10. HP: 58/58 MP: 15/19
  8559 | D:8      | Reached skill level 5 in Conjurations
  8635 | D:8      | Reached skill level 5 in Armour
  8735 | D:8      | Reached skill level 5 in Fighting
  9149 | D:9      | Offered knowledge of Conjure Flame by Vehumet.
  9267 | D:9      | Reached *** piety under Vehumet
  9427 | D:9      | Noticed a two-headed ogre
  9434 | D:9      | Killed a two-headed ogre
  9434 | D:9      | Reached skill level 9 in Earth Magic
  9492 | D:9      | Offered knowledge of Fulminant Prism by Vehumet.
  9498 | D:9      | Found a flagged portal.
  9587 | D:9      | Noticed a two-headed ogre
  9594 | D:9      | Killed a two-headed ogre
  9722 | D:9      | Reached skill level 5 in Short Blades
  9722 | D:9      | Reached skill level 5 in Dodging
  9728 | D:9      | Reached XP level 11. HP: 43/64 MP: 17/21
 10023 | D:10     | Entered Level 10 of the Dungeon
 10611 | D:10     | Found a staircase to the Orcish Mines.
 10786 | D:10     | Reached **** piety under Vehumet
 10970 | D:11     | Reached skill level 1 in Evocations
 11110 | D:11     | Killed an unseen horror
 11404 | D:11     | Noticed Nergalle
 11414 | D:11     | Killed Nergalle
 11576 | D:11     | Found a staircase to the Lair.
 11780 | D:11     | Offered knowledge of Throw Icicle by Vehumet.
 11786 | D:11     | Learned a level 4 spell: Throw Icicle
 11876 | D:11     | Noticed Psyche
 11893 | D:11     | Killed Psyche
 12143 | Lair:1   | Entered Level 1 of the Lair of Beasts
 12189 | Lair:1   | Noticed a seven-headed hydra
 12195 | Lair:1   | Killed a seven-headed hydra
 12195 | Lair:1   | Reached skill level 1 in Staves
 12195 | Lair:1   | Reached skill level 1 in Ice Magic
 12195 | Lair:1   | Reached skill level 10 in Earth Magic
 12654 | Lair:1   | Found a frozen archway.
 12663 | IceCv    | Entered an ice cave
 12681 | IceCv    | Reached XP level 12. HP: 35/72 MP: 12/23
 12876 | IceCv    | HP: 1/72 [polar bear (5)]
 12878 | IceCv    | Mangled by a polar bear

Skill      XL: |  1  2  3  4  5  6  7  8  9 10 11 12 |
---------------+-------------------------------------+-----
Earth Magic    | 4 6 7 8 9 10 | 10.3
Spellcasting   | 3 4 5 6 7 |  7.6
Fighting       | 1 2 3 4 6 7 |  7.3
Armour         | 1 2 3 4 6 7 |  7.4
Conjurations   | 1 2 3 4 6 7 |  7.4
Short Blades   | 1 2 4 5 |  5.1
Dodging        | 2 3 4 5 |  5.9
Evocations     | 2 |  2.9
Staves         | 1 2 |  2.2
Ice Magic      | 1 2 |  2.1
Stealth        | |  2.1
Transmutations | |  0.7

Action                   |  1- 3 |  4- 6 |  7- 9 | 10-12 || total
-------------------------+-------+-------+-------+-------++-------
Melee: Dagger            |   118 |    21 |       |       ||   139
       Short sword       |       |    30 |   193 |    99 ||   322
       Staff             |       |       |       |    57 ||    57
 Cast: Sandblast         |    27 |    51 |    98 |   180 ||   356
       Stone Arrow       |       |     2 |     4 |    77 ||    83
       Lee's Rapid Decon |       |       |       |     5 ||     5
       Throw Icicle      |       |       |       |     1 ||     1
  Use: Scroll            |     2 |     1 |       |     2 ||     5
       Potion            |       |       |       |     2 ||     2
 Stab: Sleeping          |     4 |     1 |       |       ||     5
  Eat: Chunk             |     3 |     4 |    12 |    11 ||    30
       Ration            |     1 |       |     1 |     1 ||     3
Armor: Robe              |     9 |       |       |    50 ||    59
       Leather armour    |    52 |    25 |       |       ||    77
       Ring mail         |       |     9 |    97 |    57 ||   163
       Troll leather arm |       |       |       |    29 ||    29
Dodge: Dodged            |    86 |    56 |   171 |   231 ||   544
